 Dungeon Crawl Stone Soup version 0.17.1-3-g152610e (webtiles) character file.

451 moxian the Digger (level 6, -2/33 HPs)
             Began as a Deep Elf Earth Elementalist on Apr 24, 2016.
             Slain by Edmund
             ... wielding a +0 flail of protection
              (11 damage)
             ... on level 4 of the Dungeon.
             The game lasted 00:23:12 (3700 turns).

moxian the Digger (Deep Elf Earth Elementalist)     Turns: 3700, Time: 00:23:13

Health: -2/33      AC:  4    Str:  5    XL:     6   Next: 75%
Magic:  14/14      EV: 14    Int: 22    God:
Gold:   116        SH:  0    Dex: 15    Spells: 4 memorised, 3 levels left

rFire  x . .     SeeInvis .     a - +1 dagger (venom)
rCold  + . .     Clarity  .     x - +0 robe
rNeg   . . .     SustAt   .     (no shield)
rPois  .         Gourm    +     D - +0 helmet
rElec  .         Spirit   .     (no cloak)
rCorr  .         Warding  .     (no gloves)
rMut   .         Stasis   .     r - +0 pair of boots
MR     .....                    B - amulet of the gourmand
Stlth  +++.......               s - -3 ring of slaying (curse)
                                o - ring of ice

@: not resistant to hostile enchantments, fairly stealthy
A: no striking features
a: no special abilities


You were on level 4 of the Dungeon.
You were completely stuffed.

You visited 1 branch of the dungeon, and saw 4 of its levels.

You collected 116 gold pieces.

Inventory:

Hand Weapons
 a - a +1 dagger of venom (weapon)
 k - a cursed +0 mace
 E - a +0 dagger of protection
Missiles
 b - 70 stones (quivered)
 l - 15 bolts
 q - 24 sling bullets
 v - 5 tomahawks
Armour
 r - a +0 pair of boots (worn)
 x - a +0 robe (worn)
 D - a +0 helmet (worn)
Jewellery
 o - a ring of ice (left hand)
 s - a cursed -3 ring of slaying (right hand)
 B - an amulet of the gourmand (around neck)
Wands
 C - a wand of polymorph (13)
Scrolls
 e - a scroll of identify
 g - a scroll of noise
 i - 2 scrolls of teleportation
 j - 3 scrolls of magic mapping
 n - 2 scrolls of recharging {unknown}
 t - a scroll of random uselessness {unknown}
 u - a scroll of blinking {unknown}
 w - a scroll of remove curse {unknown}
 y - a scroll of enchant weapon {unknown}
 A - a scroll of fog {unknown}
Potions
 p - a potion of brilliance
 z - a potion of flight
Books
 c - a book of Geomancy

   Spells                             Type                      Level
   a - Sandblast                      Earth                        1
   b - Stoneskin                      Transmutation/Earth          2
   c - Passwall                       Transmutation/Earth          3
   d - Stone Arrow                    Conjuration/Earth            3
   e - Petrify                        Transmutation/Earth          4
   f - Lee's Rapid Deconstruction     Earth                        5
Comestibles
 d - 4 bread rations
 h - 2 beef jerkies
 m - 2 meat rations


   Skills:
 - Level 0.5 Fighting
 + Level 0.0 Short Blades
 - Level 4.0 Dodging
 - Level 4.0 Stealth
 + Level 4.4 Spellcasting
 * Level 2.5 Conjurations
 - Level 1.1 Transmutations
 * Level 6.0 Earth Magic


You had 3 spell levels left.
You knew the following spells:

 Your Spells              Type           Power        Failure   Level  Hunger
a - Sandblast             Erth           ####..       1%          1    None
b - Stone Arrow           Conj/Erth      ###...       8%          3    ##.....
c - Petrify               Trmt/Erth      ###.....     28%         4    ####...
A - Stoneskin             Trmt/Erth      ###.....     4%          2    #......


Dungeon Overview and Level Annotations

Branches:
Dungeon (4/15)
 Temple: D:4-7

Altars:
Ru

Annotations:
D:4 Edmund


Message History

Casting: Sandblast
Confirm with . or Enter, or press ? or * to list all spells.
Aiming: Stone Arrow
Press: ? - help, Shift-Dir - straight line, f/p - Edmund
Aim: Edmund, wielding a flail of protection and wearing a shiny chain mail (heavily wounded, poisoned)
The stone arrow hits Edmund.
Edmund is heavily wounded.
Edmund hits you with a flail of protection!
You hit Edmund but do no damage.
Edmund is heavily wounded.
Edmund hits you with a flail of protection.
* * * LOW HITPOINT WARNING * * *
Edmund says, "People will remember me!
They'll remember me and die!"
Your magical contamination has completely faded away.
Edmund looks more healthy.
Edmund says, "You wouldn't believe how much I paid for this flail."
You hit Edmund but do no damage.
Edmund is poisoned.
Edmund is almost dead.
Edmund hits you with a flail of protection!
You die...

#........###...###### ####.
##..>..#.[.......... ##....
##..#.......#....## ##.....
#####.......#.#..#####....##
######...####...........@..##
##........# ##......#...####
##.........## ##..........#####
#...........####..#.............
#.......<)....@@..#.#.......####
#.......)...........#.......#
#.............####.........###
#..........##..# ...........#
##........####.# ##............
#(.........# ... #........###.
#..........# ... ..........#
#..........# .....g.......##
#..........# .g......##


You could see Edmund.

Vanquished Creatures
  An ogre (D:4)
  A scorpion (D:3)
  An orc priest (D:3)
  A hound (D:4)
  An orc wizard (D:4)
  Robin (D:4)
  9 adders
  5 gnolls
  A worm (D:3)
  6 orcs
  3 ball pythons
  4 giant cockroaches
  16 hobgoblins
  8 kobolds
  6 bats
  4 giant newts
  13 goblins
  2 quokkas (D:2)
  12 rats
95 creatures vanquished.

Notes
Turn   | Place    | Note
--------------------------------------------------------------
     0 | D:1      | moxian the Deep Elf Earth Elementalist began the quest for the Orb.
     0 | D:1      | Reached XP level 1. HP: 10/10 MP: 6/6
   421 | D:1      | Reached XP level 2. HP: 15/15 MP: 4/8
   525 | D:1      | Learned a level 2 spell: Stoneskin
   854 | D:2      | Reached skill level 4 in Earth Magic
  1139 | D:1      | Reached XP level 3. HP: 16/19 MP: 5/9
  1646 | D:2      | Reached XP level 4. HP: 24/24 MP: 4/10
  1815 | D:3      | Learned a level 3 spell: Stone Arrow
  2202 | D:3      | Reached skill level 5 in Earth Magic
  2399 | D:3      | Reached XP level 5. HP: 28/28 MP: 8/12
  2715 | D:4      | Noticed an ogre
  2771 | D:4      | Noticed Robin
  2857 | D:4      | Reached skill level 1 in Conjurations
  2969 | D:4      | Killed Robin
  3129 | D:4      | Found a sacrificial altar of Ru.
  3138 | D:4      | Reached XP level 6. HP: 31/33 MP: 4/13
  3239 | D:4      | Learned a level 4 spell: Petrify
  3298 | D:4      | Noticed Edmund
  3423 | D:4      | Killed an ogre
  3520 | D:3      | Reached skill level 6 in Earth Magic
  3700 | D:4      | Slain by Edmund

Action                   |  1- 3 |  4- 6 || total
-------------------------+-------+-------++-------
Melee: Unarmed           |       |    15 ||    15
       Dagger            |       |    15 ||    15
 Cast: Sandblast         |    71 |   124 ||   195
       Stone Arrow       |       |    13 ||    13
       Stoneskin         |       |     4 ||     4
  Use: Scroll            |     2 |     3 ||     5
  Eat: Chunk             |     2 |    24 ||    26
